 Dungeon Crawl Stone Soup version 0.25-a0-513-ge77a692 (webtiles) character file.

Game seed: 5658776627458827045, levelgen mode: deterministic

190917 2FriedEggs the Black Belt (level 17, 76/170 HPs)
             Began as a Troll Fighter on Jan 31, 2020.
             Was the Champion of Jiyva.
             Quit the game on level 3 of the Snake Pit on Feb 15, 2020.
             The game lasted 01:41:16 (32629 turns).

2FriedEggs the Black Belt (Troll Fighter)          Turns: 32629, Time: 01:41:17

Health: 76/170     AC: 26    Str: 17    XL:     17   Next: 23%
Magic:  25/25      EV: 17    Int: 10    God:    Jiyva [******]
Gold:   1752       SH: 19    Dex: 19    Spells: 13/16 levels left

rFire    . . .     SeeInvis +     - Unarmed
rCold    . . .     Gourm    +   J - +2 tower shield
rNeg     . . .     Faith    .   Q - +0 swamp dragon scales
rPois    +         Spirit   .   (helmet restricted)
rElec    .         Reflect  .   (no cloak)
rCorr    +         Harm     .   (gloves unavailable)
MR       +....                  (boots unavailable)
Stlth    +.........             t - amulet "Juzag" {Acrobat Slay+3 SInv}
HPRegen  0.78/turn              r - +5 ring of protection
MPRegen  0.19/turn              H - ring of Robustness {AC+8}

@: no status effects
A: large, unfitting armour, claws 3, fangs 1, repulsion field 1, thin metallic
scales 1, see invisible, fast metabolism 3, gourmand, regeneration 1, shaggy fur
1, tough skin 3, acidic bite, gelatinous body 1, pseudopods 1, translucent skin
1, tendrils
}: 2/15 runes: decaying, slimy
a: Request Jelly, Slimify, Cure Bad Mutation, Renounce Religion


You were on level 3 of the Snake Pit.
You worshipped Jiyva.
Jiyva was exalted by your worship.
You were very full.

You visited 7 branches of the dungeon, and saw 36 of its levels.
You visited 1 bazaar.
You also visited: Bailey and Ice Cave.

You collected 2533 gold pieces.
You spent 781 gold pieces at shops.

Inventory:

Missiles
 o - 9 curare-tipped darts (quivered)
Armour
 m - a +2 robe of cold resistance
 s - a +1 robe of fire resistance
 z - a +2 robe of magic resistance
 E - the +1 shield "Muutsiuno" {-Tele rF+ Int+4}
   (You found it on level 11 of the Dungeon)

   It affects your intelligence (+4).
   It protects you from fire.
   It prevents most forms of teleportation.
 J - a +2 tower shield (worn)
 Q - +0 swamp dragon scales (worn)
Jewellery
 h - an uncursed ring of protection from magic
 r - a +5 ring of protection (left claw)
 t - the amulet "Juzag" (around neck) {Acrobat Slay+3 SInv}
   (You found it on level 14 of the Dungeon)

   [amulet of the acrobat]

   It helps you evade while moving and waiting.
   It affects your accuracy and damage with ranged weapons and melee attacks
   (+3).
   It lets you see invisible.
 C - an uncursed ring of protection from magic
 H - the ring of Robustness (right claw) {AC+8}
   (You found it on level 15 of the Dungeon)

   [ring of protection]

   It affects your AC (+8).
 L - an uncursed ring of poison resistance
 R - an uncursed ring of wizardry
 U - an uncursed ring of protection from cold
 Y - an uncursed ring of protection from fire
Wands
 n - a wand of enslavement (5)
 y - a wand of paralysis (13)
 A - a wand of iceblast (7)
 B - a wand of acid (9)
 D - a wand of digging (6)
 N - a wand of disintegration (15)
Scrolls
 a - a scroll of fear
 c - 12 scrolls of amnesia
 e - 5 scrolls of enchant armour
 f - 3 scrolls of fog
 g - 13 scrolls of remove curse
 i - 6 scrolls of teleportation
 k - a scroll of identify
 p - 5 scrolls of blinking
 M - 2 scrolls of silence
Potions
 b - a potion of berserk rage
 j - a potion of flight
 l - 2 potions of ambrosia
 q - 10 potions of curing
 v - 4 potions of haste
 w - 3 potions of brilliance
 x - 2 potions of magic {unknown}
 F - 4 potions of resistance
 G - 2 potions of invisibility
 K - 3 potions of mutation
 O - 3 potions of heal wounds
 S - a potion of agility
 T - 3 potions of lignification
 W - a potion of cancellation {unknown}
 Z - a potion of degeneration {unknown}
Miscellaneous
 I - a lightning rod (4/4)
 X - a fan of gales
Comestibles
 d - 48 rations


   Skills:
 + Level 11.1 Fighting
 + Level 8.8 Armour
 + Level 9.5 Dodging
 + Level 10.6 Shields
 * Level 17.2 Unarmed Combat
   Level 12.2 Invocations


You had 13 spell levels left.
You knew the following spells:

 Your Spells              Type           Power        Failure   Level  Hunger
a - Blink                 Tloc           N/A          94%         2    ###....
b - Summon Butterflies    Summ           #.......     85%         1    ##.....

Your spell library contained the following spells:

 Spells                   Type           Power        Failure   Level  Hunger
 Animate Skeleton         Necr           N/A          85%         1    ##.....
 Beastly Appendage        Tmut           #.....       85%         1    ##.....
 Corona                   Hex            #......      85%         1    ##.....
 Foxfire                  Conj/Fire      #...         85%         1    ##.....
 Magic Dart               Conj           #...         85%         1    ##.....
 Pain                     Necr           #...         85%         1    ##.....
 Sandblast                Erth           #.....       85%         1    ##.....
 Sting                    Tmut/Pois      #...         85%         1    ##.....
 Call Imp                 Summ           #.......     94%         2    ###....
 Ensorcelled Hibernation  Hex/Ice        #.....       94%         2    ###....
 Passwall                 Tmut/Erth      #.......     94%         2    ###....
 Poisonous Vapours        Pois/Air       #.....       94%         2    ###....
 Searing Ray              Conj           #.....       94%         2    ###....
 Slow                     Hex            #.......     94%         2    ###....
 Sticks to Snakes         Tmut           #.......     94%         2    ###....
 Call Canine Familiar     Summ           #.......     99%         3    ####...
 Confusing Touch          Hex            #.......     99%         3    ####...
 Conjure Flame            Conj/Fire      #.......     99%         3    ####...
 Dazzling Flash           Conj/Hex       #.....       99%         3    ####...
 Ignite Poison            Fire/Tmut/Pois #.......     99%         3    ####...
 Inner Flame              Hex/Fire       #.......     99%         3    ####...
 Mephitic Cloud           Conj/Pois/Air  #.......     99%         3    ####...
 Spider Form              Tmut/Pois      #.........   99%         3    ####...
 Stone Arrow              Conj/Erth      #.....       99%         3    ####...
 Tukima's Dance           Hex            #.......     99%         3    ####...
 Vampiric Draining        Necr           #.........   99%         3    ####...
 Animate Dead             Necr           N/A          100%        4    #####..
 Fulminant Prism          Conj/Hex       #.........   100%        4    #####..
 Ice Form                 Ice/Tmut       #.......     100%        4    #####..
 Iskenderun's Mystic Bla  Conj/Tloc      #.......     100%        4    #####..
 Olgreb's Toxic Radiance  Pois           #.......     100%        4    #####..
 Petrify                  Tmut/Erth      #.......     100%        4    #####..
 Sticky Flame             Conj/Fire      #.......     100%        4    #####..
 Summon Ice Beast         Ice/Summ       #.......     100%        4    #####..
 Agony                    Necr           #.......     100%        5    ######.
 Blade Hands              Tmut           #.........   100%        5    ######.
 Fireball                 Conj/Fire      #.........   100%        5    ######.
 Lee's Rapid Deconstruct  Erth           #.........   100%        5    ######.
 Metabolic Englaciation   Hex/Ice        #.........   100%        5    ######.
 Summon Mana Viper        Hex/Summ       #.......     100%        5    ######.
 Freezing Cloud           Conj/Ice/Air   #.........   100%        6    #######
 Ozocubu's Refrigeration  Ice            #.........   100%        6    #######
 Simulacrum               Ice/Necr       #.........   100%        6    #######
 Summon Hydra             Summ           #.........   100%        7    #######


Dungeon Overview and Level Annotations

Branches:
Dungeon (15/15)            Temple (1/1) D:6            Lair (6/6) D:9
  Swamp (4/4) Lair:4        Snake (3/4) Lair:2        Slime (5/5) Lair:6
    Orc (2/2) D:9             Elf (0/3) Orc:2        Vaults (0/5) D:13
 Depths (0/5) D:15         Bailey (visited)           IceCv (visited)

Altars:
Ashenzari
Cheibriados
Dithmenos
Elyvilon
Fedhas
Gozag
Hepliaklqana
Kikubaaqudgha
Makhleb
Nemelex Xobeh
Okawaru
Qazlal
Ru
Sif Muna
Trog
Uskayaw
Vehumet
Wu Jian
Xom
Yredelemnul
Zin
The Shining One
Beogh
Jiyva

Shops:
D:6 ?*   D:11 [   D:12 *   Orc:2 :*([

Annotations:
D:15 2 transporters, Omeoh's ghost, adept GrEE
Lair:5 1 runed translucent door, CanOfBees's ghost, journeyman SpEn
Slime:4 Dissolution
Slime:5 Royal Jelly


Innate Abilities, Weirdness & Mutations

You are too large for most types of armour.
You have claws for hands.
Your metabolism is lightning-fast.
You like to eat raw meat.
Your natural rate of healing is unusually fast.
You are covered in fur. (AC +1)
You have extremely tough skin. (AC +3)
You have very sharp teeth.
You are surrounded by a mild repulsion field. (EV +2)
You are partially covered in thin metallic scales. (AC +2)
You have supernaturally acute eyesight. (SInv)
You have acidic saliva.
Your rubbery body absorbs attacks. (AC +1, EV +1)
Armour fits poorly on your pseudopods.
Your translucent skin slightly reduces your foes' accuracy. (Stealth)
You are covered in slimy tendrils that may disarm your opponents.


Message History

The salamander hits you but does no damage.
You block the salamander mystic's attack.
The salamander hits you but does no damage.
You claw the salamander!
The salamander is heavily wounded.
You block the black mamba's attack. You block the salamander's attack.
You block the salamander mystic's attack.
You block the black mamba's attack.
The salamander hits you from afar with a +4 halberd.
You are engulfed in flames!
The naga warrior misses you.
You mangle the salamander!!
The salamander is almost dead.
You block the salamander's attack. The black mamba closely misses you.
The salamander hits you from afar with a +4 halberd.
You are engulfed in flames!
You are too injured to fight recklessly!
Unknown command.
You are too injured to fight recklessly!
You are too injured to fight recklessly!
Are you sure you want to abandon this character and quit the game? (Confirm with "yes".)

.............
.....[......
...........
#......"...#
#..........#
#####.NN....!...
.......NN.......
......)@S.......
..............#
.............##
.......†.†..##
.......<...##
..........##
.........##
.......###
.......


You could see a naga warrior, a salamander mystic, 2 salamanders and a black
mamba.

Vanquished Creatures
  A tentacled monstrosity (Swamp:4)
  2 acid blobs (Lair:6)
  A thorn hunter (Swamp:4)
  A frost giant (IceCv)
  Nessos (Lair:5)
  2 very ugly things (Swamp:4)
  2 green deaths (Swamp:4)
  Josephine (D:14)
  Fannar (Orc:1)
  A vault guard (D:13)
  2 naga warriors
  7 hydras
  A shambling mangrove (Swamp:1)
  Erolcha (D:9)
  2 centaur warriors
  Erica (D:9)
  20 alligators
  An ogre mage (D:15)
  2 catoblepae
  6 two-headed ogres
  14 death yaks
  Urug (D:11)
  3 naga sharpshooters
  3 shock serpents
  3 orc high priests
  A thrashing horror (Swamp:4)
  Nergalle (D:11)
  A salamander mystic (Snake:2)
  6 iron trolls (D:15)
  4 unseen horrors
  14 swamp dragons
  4 orc knights
  2 necromancers (D:13)
  Pikel (D:6)
  A mana viper (Lair:2)
  13 ugly things
  4 salamanders
  2 cyclopes
  A wolf spider (D:15)
  5 orc sorcerers
  2 deep elf magi
  10 elephants
  Joseph (D:7)
  15 black mambas
  5 naga magi
  An orange demon (Swamp:4)
  A gargoyle (D:11)
  16 spiny frogs
  A redback zombie (D:15)
  6 komodo dragons
  A kobold demonologist (D:15)
  A merfolk (shapeshifter) (D:15)
  7 trolls
  A merfolk (D:15)
  A hornet (shapeshifter) (D:13)
  22 polar bears
  15 hornets
  2 dream sheep (Lair:6)
  A slime creature (Lair:6)
  8 bog bodies
  10 hippogriffs
  8 blink frogs
  4 tyrant leeches
  A large abomination (Swamp:4)
  4 wraiths (D:14)
  2 shadows (Swamp:4)
  20 spriggans
  4 hogs
  37 yaks
  4 wyverns
  4 basilisks
  21 humans
  Grum (D:8)
  12 nagas
  19 swamp worms
  9 vampire mosquitoes
  6 insubstantial wisps
  Menkaure (D:6)
  2 soldier ants
  An acid dragon (D:11)
  Duvessa (D:6)
  3 wargs
  7 water moccasins
  5 porcupines
  28 orc warriors
  3 phantoms
  2 sky beasts
  3 black bears
  9 ice beasts
  11 swamp drakes
  15 ogres
  34 wolves
  3 boggarts (Lair:6)
  19 centaurs
  11 crocodiles
  6 big kobolds
  23 bullfrogs
  8 gnoll sergeants (Bailey)
  Dowan (D:6)
  2 wyvern skeletons
  5 scorpions
  13 killer bees
  11 wights
  An electric eel (D:12)
  8 howler monkeys
  5 centaur zombies
  7 crimson imps
  3 quasits
  2 bullfrog skeletons
  3 jellies
  20 orc priests
  4 centaur skeletons
  6 gnoll shamans (Bailey)
  11 hounds
  2 iguanas
  23 orc wizards
  6 hell rats
  15 worker ants
  A hound zombie (D:5)
  3 hound skeletons
  A worker ant zombie (D:9)
  23 gnolls
  A howler monkey skeleton (D:4)
  21 adders
  2 shadow imps
  2 oozes
  An adder skeleton (D:4)
  3 worms (D:2)
  A dart slug (D:2)
  A leopard gecko (D:1)
  92 orcs
  3 giant cockroaches
  18 goblins
  8 hobgoblins
  3 jackals (D:1)
  2 quokkas
  3 ball pythons
  6 bats
  3 frilled lizards
  A goblin zombie (D:6)
  A hobgoblin zombie (D:6)
  20 kobolds
  2 kobold skeletons (D:6)
  A kobold zombie (D:6)
  A leopard gecko skeleton (D:5)
  2 orc skeletons (D:6)
  An orc zombie (D:6)
  A quokka skeleton (D:4)
  9 rats
  A plant (D:9)
1004 creatures vanquished.

Vanquished Creatures (others)
  2 acid blobs
  2 azure jellies
  3 hydras
  A two-headed ogre (D:15)
  2 alligators
  An iron troll (D:15)
  A swamp dragon (Swamp:4)
  26 slime creatures
  An ugly thing (Swamp:4)
  A deep elf mage (D:15)
  A centaur zombie (D:15)
  An elephant (Lair:6)
  A spiny frog (Lair:6)
  Maggie (D:7)
  An orange demon (Swamp:4)
  A polar bear (Lair:6)
  A hornet (Swamp:4)
  3 bog bodies (Swamp:4)
  2 spriggans (Lair:6)
  2 shadows
  A human (D:13)
  A yak (Lair:6)
  A wyvern (D:15)
  A hungry ghost (D:11)
  2 insubstantial wisps (Swamp:2)
  A naga (Snake:2)
  A swamp worm (Swamp:4)
  A swamp drake (Swamp:1)
  A slave (D:7)
  A wolf (IceCv)
  A killer bee (Lair:3)
  A howler monkey (D:7)
  A crimson imp (D:15)
  68 jellies
  A hound (D:14)
  4 orc priests
  2 orc wizards (Orc:2)
  A hound skeleton (D:7)
  A gnoll (D:9)
  A leopard gecko (D:10)
  9 orcs
  A kobold (D:14)
  2 briar patches (Swamp:4)
  2 fungi
  3 plants
163 creatures vanquished.

Grand Total: 1167 creatures vanquished

Notes
Turn   | Place    | Note
-------+----------+-------------------------------------------
     0 | D:1      | 2FriedEggs the Troll Fighter began the quest for the Orb.
     0 | D:1      | Reached XP level 1. HP: 22/22 MP: 0/0
    37 | D:1      | Reached XP level 2. HP: 29/29 MP: 1/1
   501 | D:1      | Reached XP level 3. HP: 35/36 MP: 2/2
   996 | D:2      | Reached skill level 3 in Unarmed Combat
  1321 | D:2      | Reached XP level 4. HP: 44/44 MP: 3/3
  1342 | D:2      | Found a hazy altar of Hepliaklqana.
  1853 | D:3      | Found a blossoming altar of Fedhas.
  2035 | D:3      | Reached XP level 5. HP: 53/53 MP: 4/4
  2250 | D:3      | Found a faded altar of an unknown god.
  2602 | D:4      | Found a hide-covered altar of Uskayaw.
  2696 | D:4      | Reached skill level 4 in Unarmed Combat
  2846 | D:4      | Noticed an ice beast
  2860 | D:4      | Killed an ice beast
  2860 | D:4      | Reached XP level 6. HP: 20/61 MP: 5/5
  3234 | D:4      | Found a bloodstained altar of Trog.
  3478 | D:4      | You fall into a shaft and drop 2 floors!
  3490 | D:6      | Reached skill level 5 in Unarmed Combat
  3490 | D:6      | Reached XP level 7. HP: 51/67 MP: 6/6
  3526 | D:6      | Found a glowing golden altar of the Shining One.
  3553 | D:6      | Became a worshipper of the Shining One
  3642 | D:6      | Found Tydghiyme's Magic Scroll Boutique.
  3645 | D:6      | Bought a scroll of identify for 24 gold pieces
  3645 | D:6      | Bought a scroll of identify for 24 gold pieces
  3665 | D:6      | Found Zylixec's Assorted Antiques.
  3677 | D:6      | Bought a glowing robe for 118 gold pieces
  3730 | D:6      | Found a staircase to the Ecumenical Temple.
  3784 | D:6      | Noticed Dowan
  3784 | D:6      | Noticed Duvessa
  3822 | D:6      | Killed Duvessa
  3822 | D:6      | Reached skill level 1 in Invocations
  3831 | D:6      | Killed Dowan
  3855 | Temple   | Entered the Ecumenical Temple
  4011 | Temple   | Fell from the grace of the Shining One
  4011 | Temple   | Became a worshipper of Elyvilon the Healer
  4079 | D:6      | Found a glowing silver altar of Zin.
  4257 | D:6      | Reached XP level 8. HP: 70/78 MP: 8/8
  4356 | D:5      | Entered Level 5 of the Dungeon
  4388 | D:5      | Reached skill level 6 in Unarmed Combat
  4564 | D:5      | Reached * piety under Elyvilon
  4709 | D:5      | Found a stormy altar of Qazlal.
  4709 | D:5      | Found an ornate altar of the Wu Jian Council.
  4967 | D:6      | Noticed Menkaure
  4978 | D:6      | Killed Menkaure
  5026 | D:6      | Found a shimmering blue altar of Sif Muna.
  5253 | D:7      | Noticed Pikel
  5305 | D:6      | Killed Pikel
  5305 | D:6      | Reached skill level 7 in Unarmed Combat
  5305 | D:6      | Reached XP level 9. HP: 74/85 MP: 9/11
  5340 | D:7      | Found a sacrificial altar of Ru.
  5348 | D:7      | Noticed Maggie
  5360 | D:7      | Killed Maggie
  5545 | D:7      | Reached ** piety under Elyvilon
  5600 | D:7      | Found an iron altar of Okawaru.
  5786 | D:7      | Reached skill level 5 in Shields
  5786 | D:7      | Reached skill level 5 in Invocations
  5789 | D:7      | Reached skill level 5 in Dodging
  5818 | D:6      | Reached skill level 5 in Fighting
  5904 | D:7      | Reached skill level 8 in Unarmed Combat
  5989 | D:7      | Noticed Joseph
  6012 | D:7      | Killed Joseph
  6440 | D:7      | Reached *** piety under Elyvilon
  6663 | D:7      | Reached XP level 10. HP: 96/96 MP: 13/13
  6816 | D:8      | Noticed Grum
  6850 | D:8      | Killed Grum
  7096 | D:8      | Found a shadowy altar of Dithmenos.
  7311 | D:9      | Noticed a death yak
  7311 | D:9      | Noticed a death yak
  7311 | D:9      | Noticed a death yak
  7311 | D:9      | Noticed a death yak
  7338 | D:9      | Noticed a death yak
  7339 | D:9      | Noticed a death yak
  7339 | D:9      | Noticed Erolcha
  7354 | D:8      | Killed a death yak
  7354 | D:8      | Reached skill level 9 in Unarmed Combat
  7478 | D:8      | Killed a death yak
  7594 | D:9      | Found a staircase to the Lair.
  7608 | D:10     | Entered Level 10 of the Dungeon
  7646 | D:9      | Killed Erolcha
  7719 | D:10     | Reached XP level 11. HP: 105/105 MP: 15/15
  7996 | D:9      | Found a shattered altar of Ashenzari.
  8036 | D:8      | Killed a death yak
  8036 | D:8      | Reached skill level 10 in Unarmed Combat
  8182 | D:8      | Killed a death yak
  8275 | D:7      | Killed a death yak
  8351 | D:8      | Killed a death yak
  8508 | D:9      | Found a snail-covered altar of Cheibriados.
  8558 | D:9      | Found a staircase to the Orcish Mines.
  8559 | D:9      | Reached **** piety under Elyvilon
  8723 | D:9      | Found a roughly hewn altar of Beogh.
  8730 | D:9      | Noticed Erica
  8757 | D:9      | Killed Erica
  9403 | D:10     | Noticed a two-headed ogre
  9440 | D:10     | Killed a two-headed ogre
  9715 | D:10     | Reached XP level 12. HP: 111/115 MP: 17/17
  9720 | D:10     | Reached skill level 11 in Unarmed Combat
  9977 | D:10     | You fall into a shaft and drop 1 floor!
 10021 | D:11     | Got a heavily runed shield
 10037 | D:11     | Identified the +1 shield "Muutsiuno" {-Tele rF+ Int+4} (You
                  | found it on level 11 of the Dungeon)
 10063 | D:11     | Found a snail-covered altar of Cheibriados.
 10063 | D:11     | Found Cheibriados's Comfort Zone.
 10076 | D:11     | Noticed Nergalle
 10085 | D:11     | Killed Nergalle
 10378 | Lair:1   | Entered Level 1 of the Lair of Beasts
 10457 | Lair:1   | Reached skill level 1 in Armour
 10632 | Lair:1   | Noticed a six-headed hydra
 10634 | Lair:1   | Pacified a six-headed hydra
 11159 | Lair:1   | Reached ***** piety under Elyvilon
 11573 | Lair:2   | Found a staircase to the Snake Pit.
 12796 | Lair:3   | Reached skill level 10 in Invocations
 13210 | Lair:3   | Reached skill level 12 in Unarmed Combat
 13529 | Lair:4   | Reached XP level 13. HP: 104/127 MP: 19/19
 13830 | Lair:4   | Found a staircase to the Swamp.
 14159 | Lair:5   | Noticed Nessos
 14172 | Lair:5   | Killed Nessos
 14286 | Lair:5   | Found a runed translucent door.
 14294 | Lair:5   | Noticed CanOfBees's ghost (journeyman SpEn)
 15215 | Lair:6   | Entered Level 6 of the Lair of Beasts
 15238 | Lair:6   | Reached ****** piety under Elyvilon
 15255 | Lair:6   | Found a frozen archway.
 15287 | Lair:6   | Found a runed translucent door.
 15287 | Lair:6   | Found a viscous altar of Jiyva.
 15290 | Lair:6   | Noticed an acid blob
 15290 | Lair:6   | Noticed an acid blob
 15299 | Lair:6   | Found a staircase to the Slime Pits.
 15515 | IceCv    | Entered an ice cave
 15874 | IceCv    | Reached skill level 13 in Unarmed Combat
 16125 | IceCv    | Noticed a frost giant
 16164 | IceCv    | Killed a frost giant
 16189 | IceCv    | Reached XP level 14. HP: 93/171 MP: 27/27
 16241 | IceCv    | Got a scorched long sword
 16904 | Lair:6   | Reached skill level 5 in Armour
 17909 | Lair:6   | Killed an acid blob
 17915 | Lair:6   | Killed an acid blob
 17954 | Lair:6   | Fell from the grace of Elyvilon
 17954 | Lair:6   | Became a worshipper of Jiyva Jemoud the Shapeless
 19004 | D:11     | Found a burning altar of Makhleb.
 19019 | D:11     | Reached skill level 14 in Unarmed Combat
 19030 | D:11     | Noticed Urug
 19061 | D:10     | Reached * piety under Jiyva
 19171 | D:11     | Killed Urug
 19411 | D:11     | Reached ** piety under Jiyva
 19810 | D:12     | Found a flagged portal.
 19820 | Bailey   | Entered a bailey
 19931 | Bailey   | Learned a level 2 spell: Blink
 19933 | Bailey   | Learned a level 1 spell: Summon Butterflies
 20172 | Bailey   | Reached *** piety under Jiyva
 20174 | Bailey   | Gained mutation: Your translucent skin slightly reduces
                  | your foes' accuracy. (Stealth) [Jiyva's grace]
 20193 | Bailey   | Reached **** piety under Jiyva
 20199 | Bailey   | Gained mutation: You have acidic saliva. [Jiyva's grace]
 20201 | Bailey   | Reached ***** piety under Jiyva
 20205 | Bailey   | Gained mutation: Your rubbery body absorbs attacks. (AC +1,
                  | EV +1) [Jiyva's grace]
 20888 | D:12     | Found Bumiax's Assorted Antiques.
 20896 | D:12     | Bought an emerald potion for 24 gold pieces
 21079 | D:13     | Lost mutation: Your translucent skin slightly reduces your
                  | foes' accuracy. (Stealth) [Jiyva's grace]
 21775 | D:13     | Reached XP level 15. HP: 134/148 MP: 23/23
 21795 | D:13     | Gained mutation: You are partially covered in slimy green
                  | scales. (AC +2) [Jiyva's grace]
 21804 | D:13     | Reached ****** piety under Jiyva
 21812 | D:13     | Found a gate to the Vaults.
 21910 | D:12     | Gained mutation: You have sharp toenails. [Jiyva's grace]
 22088 | Slime:1  | Entered Level 1 of the Pits of Slime
 22101 | Slime:1  | Noticed an acid blob
 22158 | Slime:2  | Noticed an acid blob
 22165 | Slime:2  | Noticed an azure jelly
 22187 | Slime:2  | Noticed an acid blob
 22205 | Slime:2  | Noticed an azure jelly
 22228 | Slime:3  | Noticed an azure jelly
 22230 | Slime:3  | Noticed an azure jelly
 22236 | Slime:4  | Noticed Dissolution
 22236 | Slime:4  | Noticed an azure jelly
 22243 | Slime:4  | Noticed an azure jelly
 22247 | Slime:4  | Noticed an azure jelly
 22291 | Slime:4  | Noticed an acid blob
 22333 | Slime:4  | Noticed an acid blob
 22340 | Slime:4  | Noticed an acid blob
 22345 | Slime:4  | Noticed an acid blob
 22347 | Slime:5  | Entered Level 5 of the Pits of Slime
 22353 | Slime:5  | Gained mutation: Your system is resistant to poisons.
                  | (rPois) [Jiyva's grace]
 22355 | Slime:5  | Gained mutation: Your pliable body absorbs attacks. (AC +2,
                  | EV +2) [Jiyva's grace]
 22358 | Slime:5  | Noticed an acid blob
 22359 | Slime:5  | Noticed an acid blob
 22363 | Slime:5  | Gained mutation: You are agile. (Dex +2) [Jiyva's grace]
 22366 | Slime:5  | Found a viscous altar of Jiyva.
 22367 | Slime:5  | Noticed an acid blob
 22367 | Slime:5  | Noticed an acid blob
 22367 | Slime:5  | Noticed an acid blob
 22369 | Slime:5  | Noticed the Royal Jelly
 22369 | Slime:5  | Noticed an acid blob
 22370 | Slime:5  | Noticed an acid blob
 22401 | Slime:5  | Got a slimy rune of Zot
 22414 | Slime:5  | Noticed an acid blob
 22431 | Slime:5  | Noticed an acid blob
 22433 | Slime:5  | Noticed an acid blob
 22517 | Slime:5  | Noticed an acid blob
 22671 | Slime:5  | Got a smoking arbalest
 22689 | Slime:5  | Identified the +9 arbalest of Dohipeugh {freeze, rPois rN++
                  | Int+3 Dex-5} (You found it on level 5 of the Pits of Slime)
 23035 | D:14     | Lost mutation: Your pliable body absorbs attacks. (AC +2,
                  | EV +2) [Jiyva's grace]
 23075 | D:14     | Got an ancient steel amulet
 23078 | D:14     | Identified the amulet "Juzag" {Acrobat Slay+3 SInv} (You
                  | found it on level 14 of the Dungeon)
 23239 | D:14     | Lost mutation: You have sharp toenails. [Jiyva's grace]
 23342 | D:14     | Found a flickering gateway to a bazaar.
 23356 | D:14     | Noticed Josephine
 23362 | D:14     | Killed Josephine
 23376 | Bazaar   | Entered a bazaar
 23378 | Bazaar   | Found Keew's Antique Weapon Boutique.
 23381 | Bazaar   | Found Tunn's Book Boutique.
 23382 | Bazaar   | Found Vadghe's Antique Armour Boutique.
 23383 | Bazaar   | Found Notaseqo's Distillery.
 23403 | Bazaar   | Bought a potion of invisibility for 72 gold pieces
 23403 | Bazaar   | Bought a potion of mutation for 72 gold pieces
 23433 | Bazaar   | Bought a shiny large shield for 150 gold pieces
 23462 | Bazaar   | Bought a potion of haste for 90 gold pieces
 23462 | Bazaar   | Bought a potion of curing for 27 gold pieces
 23462 | Bazaar   | Bought a potion of berserk rage for 45 gold pieces
 23462 | Bazaar   | Bought a potion of agility for 36 gold pieces
 23462 | Bazaar   | Bought a potion of mutation for 72 gold pieces
 23474 | Bazaar   | Bought a potion of lignification for 27 gold pieces
 23644 | D:14     | Gained mutation: You are surrounded by a mild repulsion
                  | field. (EV +2) [Jiyva's grace]
 23811 | D:14     | Reached skill level 15 in Unarmed Combat
 23998 | D:15     | Entered Level 15 of the Dungeon
 24090 | D:15     | Gained mutation: You have a small jelly attached to you
                  | that may absorb incoming projectiles. [Jiyva's grace]
 24149 | D:15     | Lost mutation: You are agile. (Dex +2) [Jiyva's grace]
 24205 | D:15     | Noticed an acid blob
 24205 | D:15     | an iron troll changed into an acid blob
 24213 | D:15     | Killed an acid blob
 24299 | D:15     | Lost mutation: You are partially covered in slimy green
                  | scales. (AC +2) [Jiyva's grace]
 24330 | D:15     | Found the ring of Robustness {AC+8}
 24330 | D:15     | Noticed an iron dragon
 24334 | D:15     | Slimified an iron dragon
 24334 | D:15     | Noticed an azure jelly
 24334 | D:15     | an iron dragon changed into an azure jelly
 24365 | D:15     | Gained mutation: Your body sometimes deteriorates upon
                  | taking damage. [Jiyva's grace]
 24457 | D:15     | Noticed an azure jelly
 24457 | D:15     | a five-headed hydra changed into an azure jelly
 24474 | D:15     | Noticed Omeoh's ghost (adept GrEE)
 24487 | D:15     | Killed an azure jelly
 24501 | D:15     | Found a transporter.
 24505 | D:15     | Found a transporter.
 24555 | D:15     | Lost mutation: Your rubbery body absorbs attacks. (AC +1,
                  | EV +1) [Jiyva's grace]
 24582 | D:15     | Found a staircase to the Depths.
 24610 | D:15     | Lost mutation: Your body sometimes deteriorates upon taking
                  | damage. [Jiyva's power]
 24656 | D:15     | Reached skill level 10 in Fighting
 25286 | D:12     | Upgraded the game from 0.25-a0-448-g1f46b9f to
                  | 0.25-a0-458-g6fc7858
 25405 | Orc:1    | Entered Level 1 of the Orcish Mines
 25489 | Orc:1    | Gained mutation: Your muscles are strong. (Str +2) [Jiyva's
                  | grace]
 25497 | Orc:1    | Noticed Fannar
 25522 | Orc:1    | Killed Fannar
 25595 | Orc:1    | Gained mutation: You have supernaturally acute eyesight.
                  | (SInv) [Jiyva's grace]
 25600 | Orc:1    | Gained mutation: Your rubbery body absorbs attacks. (AC +1,
                  | EV +1) [Jiyva's grace]
 26012 | Orc:2    | Entered Level 2 of the Orcish Mines
 26110 | Orc:2    | Lost mutation: Your rubbery body absorbs attacks. (AC +1,
                  | EV +1) [Jiyva's grace]
 26202 | Orc:2    | Lost mutation: Your system is resistant to poisons. (rPois)
                  | [Jiyva's grace]
 26224 | Orc:2    | Gained mutation: You are covered in slimy tendrils that may
                  | disarm your opponents. [Jiyva's grace]
 26266 | Orc:2    | Noticed an orc warlord
 26274 | Orc:2    | Slimified an orc warlord
 26274 | Orc:2    | Noticed an azure jelly
 26274 | Orc:2    | an orc warlord changed into an azure jelly
 26274 | Orc:2    | Gained mutation: You are partially covered in thin metallic
                  | scales. (AC +2) [Jiyva's grace]
 26277 | Orc:2    | Found a roughly hewn altar of Beogh.
 26295 | Orc:2    | Found Weasmy's Book Shoppe.
 26300 | Orc:2    | Found Nelite's Antique Weapon Shoppe.
 26305 | Orc:2    | Found Gicixor's Antique Armour Shoppe.
 26311 | Orc:2    | Found Mickatee's General Store.
 26421 | Orc:2    | Found a roughly hewn altar of Beogh.
 26535 | Orc:2    | Gained mutation: Your translucent skin slightly reduces
                  | your foes' accuracy. (Stealth) [Jiyva's grace]
 26630 | Orc:2    | Found a staircase to the Elven Halls.
 26913 | Orc:2    | Gained mutation: You have an increased reservoir of magic.
                  | (+10% MP) [Jiyva's grace]
 27201 | Swamp:1  | Entered Level 1 of the Swamp
 27232 | Lair:4   | HP: 7/149 [poison (poison gas)]
 27237 | Lair:4   | HP: 4/149 [poison (poison gas)]
 27379 | Swamp:1  | Gained mutation: You are partially covered in rugged brown
                  | scales. (AC +1, +3% HP) [Jiyva's grace]
 27382 | Lair:4   | Noticed an acid blob
 27382 | Lair:4   | an eight-headed hydra changed into an acid blob
 27433 | Swamp:1  | Lost mutation: Your muscles are strong. (Str +2) [Jiyva's
                  | grace]
 27507 | Swamp:1  | Reached XP level 16. HP: 157/162 MP: 22/26
 27550 | Swamp:1  | Gained mutation: You have sharp toenails. [Jiyva's grace]
 27705 | Swamp:1  | Reached skill level 16 in Unarmed Combat
 27988 | Swamp:1  | Gained mutation: Your spells are a little harder to cast,
                  | but a little more powerful. [Jiyva's grace]
 28298 | Swamp:2  | Noticed an acid blob
 28298 | Swamp:2  | a five-headed hydra changed into an acid blob
 28447 | Swamp:2  | Lost mutation: You have a small jelly attached to you that
                  | may absorb incoming projectiles. [Jiyva's grace]
 29057 | Swamp:3  | Lost mutation: Your spells are a little harder to cast, but
                  | a little more powerful. [Jiyva's grace]
 29091 | Swamp:3  | Reached skill level 10 in Shields
 29590 | Swamp:4  | Entered Level 4 of the Swamp
 29604 | Swamp:4  | Lost mutation: You are partially covered in rugged brown
                  | scales. (AC +1, +3% HP) [Jiyva's grace]
 29657 | Swamp:4  | Lost mutation: You have sharp toenails. [Jiyva's grace]
 29903 | Swamp:4  | Noticed a tentacled monstrosity
 29919 | Swamp:4  | Killed a tentacled monstrosity
 29934 | Swamp:4  | Noticed an acid blob
 29934 | Swamp:4  | a seven-headed hydra changed into an acid blob
 29953 | Swamp:4  | Killed an acid blob
 30057 | Swamp:4  | Got a decaying rune of Zot
 30125 | Swamp:4  | Noticed a thorn hunter
 30155 | Swamp:4  | Killed a thorn hunter
 30836 | Swamp:4  | Gained mutation: You have very sharp teeth. [Jiyva's grace]
 31026 | Snake:1  | Entered Level 1 of the Snake Pit
 31052 | Snake:1  | Reached skill level 17 in Unarmed Combat
 31052 | Snake:1  | Reached XP level 17. HP: 132/170 MP: 27/27
 31192 | Lair:2   | Upgraded the game from 0.25-a0-458-g6fc7858 to
                  | 0.25-a0-464-g3004169
 31192 | Lair:2   | Upgraded the game from 0.25-a0-464-g3004169 to
                  | 0.25-a0-478-g33c61bd
 31192 | Lair:2   | Upgraded the game from 0.25-a0-478-g33c61bd to
                  | 0.25-a0-507-gf66f01b
 31239 | Lair:1   | Upgraded the game from 0.25-a0-507-gf66f01b to
                  | 0.25-a0-513-ge77a692
 31401 | Snake:1  | Lost mutation: You have an increased reservoir of magic.
                  | (+10% MP) [Jiyva's grace]
 31420 | Snake:1  | Gained mutation: Your rubbery body absorbs attacks. (AC +1,
                  | EV +1) [Jiyva's grace]
 31427 | Snake:1  | Gained mutation: You are robust. (+10% HP) [Jiyva's grace]
 32046 | Snake:2  | Lost mutation: You are robust. (+10% HP) [Jiyva's grace]
 32233 | Snake:2  | Gained mutation: Armour fits poorly on your pseudopods.
                  | [Jiyva's grace]
 32629 | Snake:3  | Quit the game

Levels and vault maps discovered:
D:1:      psy_arrival_basics, layout_loops_ring,
          wander_ebering_terrifying_dragon_lair
D:2:      layout_loops_ring, marbit_many_paths
D:3:      layout_basic, fedhas_altar_3, chequers_ecumenical_altar_grove
D:4:      kennysheep_spiral_hall, layout_loops_ring,
          eat_drink_and_be_merry_uskayaw, overflow_temple_1_default,
          first_ration
D:5:      layout_cave_pools, grunt_temple_overflow_open
D:6:      layout_loops_ring, old_standard_altar, nicolae_tso_besieged_by_evil,
          lemuel_coloured_pillars_altar, minmay_temple_entry_junction,
          serial_shops, nicolae_shop_behind_doors, kennysheep_little_box,
          minmay_ogre_servants, uniq_menkaure, uniq_duvessa
D:7:      layout_gridville, nicolae_ru_sacrificial_ziggurat, old_standard_altar,
          grunt_livestock, uniq_joseph, uniq_maggie, uniq_pikel
D:8:      layout_rooms, lemuel_round_altar, interstate_on_off, uniq_grum
D:9:      layout_rooms, lemuel_crystal_altar, dpeg_lair_monsters,
          minmay_orc_entry_temple_large, basic_altar, serial_glass,
          glass_columns_a, glass_columns_b, glass_columns_b, glass_columns_c,
          glass_columns_b, glass_columns_c, glass_columns_c, glass_columns_c,
          worms_lemuel, uniq_erica, uniq_erolcha
D:10:     layout_long_grid, nrook_mini_backslash
D:11:     layout_long_grid, basic_altar, minmay_shop_chei, uniq_urug,
          uniq_nergalle
D:12:     cheibrodos_helix_gallery, layout_irregular_city, serial_shops, shop,
          enter_bailey_3
D:13:     layout_cave_pods, grunt_vaults_entry_tiered,
          chequers_serial_rivers_small_a
D:14:     layout_grid_maze, serial_shops, bzr_entry_gold,
          hangedman_abyss_or_decor_stagger, uniq_josephine
D:15:     hangedman_depths_entry_try_elsewhere_first, layout_irregular_city,
          nicolae_wwwww, gammafunk_ghost_hive, minmay_guarded_unrand_robustness
Temple:   nicolae_temple_figure_zero
Lair:1:   layout_concentric_octagons
Lair:2:   layout_cave_shapes, minmay_snake_entry_six_corridors
Lair:3:   layout_long_grid, special_room [special_room_bee]
Lair:4:   layout_regular_city, swamp_mist, beast_lair_carwin_2,
          grunt_megastairs_2
Lair:5:   layout_small_grid, ebering_ghost_inner_flame, uniq_nessos
Lair:6:   minmay_lair_end_enchanted_forest, layout_small_grid, slime_altar_2,
          portal_ice_cave_entry_pillars_1, st_stairs_7, minivault_26,
          grunt_megastairs_1
Swamp:1:  layout_falls_marsh, infiniplex_staircase_pool, st_swamp_ruins_4
Swamp:2:  layout_falls_marsh, evilmike_swamp_ruin_house_3
Swamp:3:  layout_basic_swamp, evilmike_swamp_ruin_house_4, swamp_pool4,
          statue_in_the_mist_lemuel
Swamp:4:  swamp_vile, layout_basic_swamp, swamp_pool2, nicolae_swamp_baby_hydras
Snake:1:  layout_concentric_octagons, grunt_megastairs_4, serial_bayou_shore_b
Snake:2:  layout_concentric_octagons
Snake:3:  minmay_snake_river, layout_onion
Slime:1:  layout_caves
Slime:2:  layout_caves
Slime:3:  layout_caves
Slime:4:  cheibrodos_slime_lost_civilization_8, layout_caves, dissolution_awaits
Slime:5
Orc:1:    layout_diamond_mine, uniq_fannar
Orc:2:    grunt_orc_cross, layout_caves, kennysheep_orc_chapel

Skill      XL: |  1  2  3  4  5  6  7  8  9 10 11 12 13 14 15 16 |
---------------+-------------------------------------------------+-----
Unarmed Combat | 3 4 5 7 8 9 10 12 13 14 15 17 | 17.2
Shields        | 3 4 5 6 7 8 9 10 | 10.6
Fighting       | 3 4 5 6 7 8 9 10 11 | 11.1
Dodging        | 3 4 5 6 7 8 9 |  9.5
Invocations    | 2 4 5 7 9 10 11 12 | 12.2
Armour         | 3 4 6 7 8 |  8.8

Action                   |  1- 3 |  4- 6 |  7- 9 | 10-12 | 13-15 | 16-18 || total
-------------------------+-------+-------+-------+-------+-------+-------++-------
Melee: Unarmed           |   101 |   162 |   299 |   828 |  1677 |   626 ||  3693
       Bite              |       |       |       |       |   114 |    93 ||   207
       Kick              |       |       |       |       |    23 |    90 ||   113
       Pseudopods        |       |       |       |       |       |    11 ||    11
Invok: Purification      |       |       |       |     2 |       |       ||     2
       Heal Other        |       |       |       |     3 |     6 |       ||     9
       Greater Healing   |       |       |       |     2 |       |       ||     2
       Divine Vigour     |       |       |       |     1 |     2 |       ||     3
       Lesser Healing    |       |       |       |       |     1 |       ||     1
       Slimify           |       |       |       |       |     8 |    13 ||    21
       Cure Bad Mutation |       |       |       |       |     1 |       ||     1
Evoke: Wand              |       |       |       |       |     1 |       ||     1
  Use: Scroll            |       |       |    13 |     5 |    10 |     1 ||    29
       Potion            |       |       |     3 |       |     4 |       ||     7
 Stab: Sleeping          |     1 |       |       |       |       |     2 ||     3
       Paralysed         |       |       |       |       |     7 |       ||     7
       Petrified         |       |       |       |       |     3 |       ||     3
       Distracted        |       |       |       |       |       |     1 ||     1
       Confused          |       |       |       |       |       |     1 ||     1
  Eat: Chunk             |    18 |    19 |    26 |    71 |    87 |    14 ||   235
       Ration            |       |       |       |       |     1 |     1 ||     2
Armor: Robe              |    30 |    40 |    56 |       |       |       ||   126
       Acid dragon scale |       |       |    35 |   310 |   443 |       ||   788
       Troll leather arm |       |       |       |       |    58 |       ||    58
       Swamp dragon scal |       |       |       |       |    11 |   229 ||   240
Dodge: Dodged            |    23 |    44 |    84 |   330 |   644 |   396 ||  1521
Block: Kite shield       |    30 |    66 |   123 |   457 |   639 |       ||  1315
       Tower shield      |       |       |       |       |   490 |   646 ||  1136

Table legend:
 A = Non-vault XP
 B = Vault XP
 C = Vault XP percentage of total XP
 D = Non-vault monster count
 E = Vault monster count
 F = Vault count percentage of total count
                 A         B        C        D         E       F
            +---------+---------+-------+---------+---------+-------
      Total |  136496 |   93604 |  40.7 |     684 |     328 |  32.4
            +---------+---------+-------+---------+---------+-------
        D:1 |      45 |       3 |   6.2 |      25 |       1 |   3.8
        D:2 |      49 |      14 |  22.2 |      14 |       1 |   6.7
        D:3 |     103 |       0 |   0.0 |      22 |       0 |   0.0
        D:4 |     342 |     126 |  26.9 |      14 |       3 |  17.6
        D:5 |     322 |       0 |   0.0 |      11 |       0 |   0.0
        D:6 |     827 |    1577 |  65.6 |      16 |      24 |  60.0
        D:7 |    1016 |    2119 |  67.6 |      18 |       6 |  25.0
        D:8 |    1506 |    5179 |  77.5 |      28 |      13 |  31.7
        D:9 |    1352 |    2444 |  64.4 |      49 |      13 |  21.0
       D:10 |    5542 |       0 |   0.0 |      54 |       0 |   0.0
       D:11 |    3859 |    1655 |  30.0 |      39 |       2 |   4.9
       D:12 |    3969 |       7 |   0.2 |      26 |       4 |  13.3
       D:13 |    3661 |    5978 |  62.0 |      14 |      24 |  63.2
       D:14 |    8030 |    1927 |  19.4 |      29 |       5 |  14.7
       D:15 |    9609 |    6353 |  39.8 |      34 |      10 |  22.7
     Lair:1 |    2871 |       0 |   0.0 |      11 |       0 |   0.0
     Lair:2 |    1963 |    2069 |  51.3 |       6 |      15 |  71.4
     Lair:3 |    3939 |     622 |  13.6 |      13 |      10 |  43.5
     Lair:4 |    5876 |    2621 |  30.8 |      21 |       7 |  25.0
     Lair:5 |    6690 |    1542 |  18.7 |      22 |       2 |   8.3
     Lair:6 |    6560 |   14965 |  69.5 |      22 |      47 |  68.1
    Swamp:1 |   12424 |    2935 |  19.1 |      26 |       9 |  25.7
    Swamp:2 |    3095 |       0 |   0.0 |      13 |       0 |   0.0
    Swamp:3 |   15504 |       0 |   0.0 |      36 |       0 |   0.0
    Swamp:4 |   13414 |   17768 |  57.0 |      29 |      21 |  42.0
    Snake:1 |    7238 |     629 |   8.0 |      15 |       2 |  11.8
    Snake:2 |    6533 |       0 |   0.0 |      16 |       0 |   0.0
    Snake:3 |    2893 |       0 |   0.0 |       7 |       0 |   0.0
      Orc:1 |    5311 |    1028 |  16.2 |      39 |       1 |   2.5
      Orc:2 |    1953 |    7670 |  79.7 |      15 |      32 |  68.1
     Bailey |       0 |    1228 | 100.0 |       0 |      30 | 100.0
      IceCv |       0 |   13145 | 100.0 |       0 |      46 | 100.0
            +---------+---------+-------+---------+---------+-------
